 Dungeon Crawl Stone Soup version 0.17.0-1-g61d176b (webtiles) character file.

100 hannobal the Sneak (level 4, -1/43 HPs)
             Began as an Octopode Assassin on Nov 6, 2015.
             Killed by divine providence
             ... invoked by an orc priest
              (16 damage)
             ... on level 2 of the Dungeon on Nov 7, 2015.
             The game lasted 00:10:24 (2596 turns).

hannobal the Sneak (Octopode Assassin)              Turns: 2596, Time: 00:10:24

Health: -1/43      AC: 22    Str: 10    XL:     4   Next: 73%
Magic:  4/4        EV:  2    Int: 13    God:
Gold:   120        SH: 10    Dex: 14    Spells: 0 memorised, 3 levels left

rFire  . . .     SeeInvis .     a - +4 dagger
rCold  . . .     Clarity  .     f - +3 shield
rNeg   + + +     SustAt   .     (helmet currently unavailable)
rPois  +         Gourm    .     (no amulet)
rElec  .         Spirit   .     (no ring)
rCorr  .         Warding  .     (no ring)
rMut   .         NoTele   +     (no ring)
MR     .....                    (no ring)
Stlth  +++++.....               (no ring)
                                (no ring)
                                (no ring)
                                (no ring)

@: tree-form, not resistant to hostile enchantments, quite stealthy
A: almost no armour, amphibious, 8 rings, (constrict 8), (camouflage 0),
(gelatinous body 0)
a: no special abilities


You were on level 2 of the Dungeon.
You were hungry.
You were a tree.
You visited 1 branch of the dungeon, and saw 3 of its levels.

You collected 120 gold pieces.

Inventory:

Hand Weapons
 a - a +4 dagger (weapon)
 b - a +0 blowgun
 m - a +0 spear
 n - a +3 dagger
 w - a +0 hunting sling
Missiles
 c - 17 poisoned needles
 g - 120 stones (quivered)
 h - 62 arrows
 i - 50 bolts
 p - 15 sling bullets
Armour
 f - a +3 shield (worn)
Scrolls
 k - a scroll of remove curse
 r - a scroll of identify
Comestibles
 d - 4 chunks of flesh
 e - 3 bread rations
 l - a meat ration
 q - 2 beef jerkies


   Skills:
 - Level 2.0 Fighting
 + Level 3.2 Short Blades
 - Level 2.0 Throwing
 - Level 1.2 Dodging
 - Level 7.0 Stealth
 - Level 1.0 Shields


You had 3 spell levels left.
You didn't know any spells.

Dungeon Overview and Level Annotations

Branches:
Dungeon (3/15)

Altars:
Gozag

Shops:
D:2 *


Innate Abilities, Weirdness & Mutations

You cannot wear most types of armour.
You are amphibious.
You can wear up to eight rings at the same time.
((You can use your tentacles to constrict eight enemies at once.))
((Your skin changes colour to match your surroundings (Stealth).))
((Your rubbery body absorbs attacks (AC +1).))


Message History

Okay, then.
You hit the orc priest but do no damage.
The orc priest is lightly wounded.
You block the orc priest's attack.
You barely miss the orc priest.
The orc priest is lightly wounded.
You completely miss the orc priest.
The orc priest is lightly wounded.
The orc priest completely misses you.
You barely miss the orc priest.
The orc priest is lightly wounded.
The orc priest looks braver for a moment.
You hit the orc priest but do no damage.
The orc priest is lightly wounded.
The orc priest looks braver for a moment.
You hit the orc priest.
The orc priest is moderately wounded.
The orc priest calls down the wrath of Beogh upon you.
Something smites you!
You die...

#...# #. #.#.# #######.
#.#.###### #.......
#.#......# #.#####.
#.######.# ###.#####. #.#
#.########......... #.#
#........#.#.######
###.#############.#.#.......
#..........♣o...............
#.#........[#####.#.######..
#.#########.#####.#.#....#.#
#..............#..#.#.##.#.#
###########.##.##.#.#....#.#
#.##.#<.#.#..###.#
#.##.#..#.#..###.#
#.................
#########.#..#.#..###.#


You could see an orc priest.

Vanquished Creatures
  Jessica (D:3)
  2 adders
  A gnoll (D:1)
  An ooze (D:3)
  A giant gecko (D:1)
  An orc (D:2)
  A ball python (D:1)
  7 hobgoblins
  6 jackals
  2 kobolds (D:1)
  4 bats
  A giant cockroach (D:2)
  A giant newt (D:2)
  7 goblins
  4 rats (D:1)
40 creatures vanquished.

Notes
Turn   | Place    | Note
--------------------------------------------------------------
     0 | D:1      | hannobal the Octopode Assassin began the quest for the Orb.
     0 | D:1      | Reached XP level 1. HP: 14/14 MP: 1/1
     0 | D:1      | Upgraded the game from 0.17-b1-36-g7b1967c to 0.17.0-1-g61d176b
   501 | D:1      | Reached skill level 6 in Stealth
   501 | D:1      | Reached XP level 2. HP: 19/19 MP: 2/2
   760 | D:1      | Reached XP level 3. HP: 24/24 MP: 3/3
   933 | D:1      | Reached skill level 7 in Stealth
  1383 | D:2      | Reached skill level 1 in Shields
  1721 | D:2      | Reached XP level 4. HP: 26/29 MP: 4/4
  1893 | D:2      | Found an opulent altar of Gozag.
  1941 | D:2      | Found Gozag's Platinum Reserve.
  2343 | D:3      | Noticed Jessica
  2344 | D:3      | Killed Jessica
  2596 | D:2      | Killed from afar by an orc priest

Action                   |  1- 3 |  4- 6 || total
-------------------------+-------+-------++-------
Melee: Dagger            |    44 |    27 ||    71
 Fire: Blowgun           |    25 |     5 ||    30
  Use: Potion            |     2 |     2 ||     4
       Scroll            |     5 |     5 ||    10
 Stab: Sleeping          |     9 |     3 ||    12
       Distracted        |       |     1 ||     1
  Eat: Chunk             |     2 |     1 ||     3
       Pizza             |       |     1 ||     1
